[Event "80th Ukrainian Chess Championship"]
[Site "Kiev/Ukraine"]
[Date "2011.06.11"]
[Round "2"]
[White "Vovk, Y."]
[Black "Efimenko, Z."]
[Result "1/2-1/2"]
[ECO "D38"]
[WhiteElo "2550"]
[BlackElo "2701"]
[Annotator "Robot 3"]
[PlyCount "99"]
[EventDate "2011.??.??"]
[TimeControl "40/5400+30:1800+30"]

1. d4 Nf6 2. c4 e6 3. Nf3 d5 4. Nc3 Bb4 5. Qa4+ Nc6 6. Ne5 Bd7 7. Nxd7 Nxd7 8.
cxd5 Nb6 9. Qb5 Nxd5 10. Bd2 O-O 11. e3 Nb6 12. a3 a6 13. Qd3 Bd6 14. Ne4 e5
15. Nxd6 Qxd6 16. dxe5 Qxe5 17. Bc3 Qe7 18. Be2 Na4 19. O-O Rad8 20. Qc2 Nxc3
21. Qxc3 Ne5 22. Rfd1 c6 23. b4 h6 24. a4 Qf6 25. Kf1 Rfe8 26. Rac1 Rxd1+ 27.
Rxd1 Ng4 28. Qxf6 Nxf6 29. Bf3 g5 30. h3 h5 31. Rd4 Kg7 32. Ke2 Re5 33. Kd3 Rf5
34. Rc4 Nd7 35. Rc2 h4 36. Bg4 Rd5+ 37. Kc3 f5 38. Bf3 Rd6 39. b5 axb5 40. axb5
Ne5 41. bxc6 bxc6 42. Be2 Rd5 43. Ra2 Kf6 44. Ra8 Rc5+ 45. Kd2 Nc4+ 46. Bxc4
Rxc4 47. Rf8+ Ke6 48. Rg8 Kf6 49. Rf8+ Ke6 50. Rg8 1/2-1/2

[Event "80th Ukrainian Chess Championship"]
[Site "Kiev/Ukraine"]
[Date "2011.06.11"]
[Round "2"]
[White "Korobov, A."]
[Black "Eljanov, P."]
[Result "1/2-1/2"]
[ECO "D16"]
[WhiteElo "2660"]
[BlackElo "2712"]
[Annotator "Robot 3"]
[PlyCount "72"]
[EventDate "2011.??.??"]
[TimeControl "40/5400+30:1800+30"]

1. d4 d5 2. c4 c6 3. Nc3 Nf6 4. Nf3 dxc4 5. a4 e6 6. e3 c5 7. Bxc4 cxd4 8. exd4
Be7 9. O-O Nc6 10. Re1 O-O 11. Bf4 Bd7 12. d5 exd5 13. Nxd5 Nxd5 14. Bxd5 Be6
15. Bxe6 fxe6 16. Bg3 Qxd1 17. Raxd1 Bf6 18. Rxe6 Bxb2 19. Bh4 Rf4 20. Rb1 Rb4
21. Re2 Ba3 22. Rxb4 Bxb4 23. Kf1 Rc8 24. Bg5 a5 25. Re4 Nb8 26. Be3 Na6 27.
Bd4 Rc1+ 28. Ke2 Nc7 29. Be5 Ne6 30. Bd6 Bxd6 31. Rxe6 Bb4 32. Ne5 Rc2+ 33. Kf3
h5 34. Nd3 Ra2 35. Nxb4 axb4 36. Rb6 Rxa4 1/2-1/2

[Event "80th Ukrainian Chess Championship"]
[Site "Kiev/Ukraine"]
[Date "2011.06.11"]
[Round "2"]
[White "Kovchan, A."]
[Black "Vysochin, S."]
[Result "1/2-1/2"]
[ECO "C10"]
[WhiteElo "2558"]
[BlackElo "2529"]
[Annotator "Robot 3"]
[PlyCount "259"]
[EventDate "2011.??.??"]
[TimeControl "40/5400+30:1800+30"]

1. e4 e6 2. d4 d5 3. Nc3 Nf6 4. Bg5 dxe4 5. Nxe4 Nbd7 6. Nf3 h6 7. Nxf6+ Nxf6
8. Bh4 c5 9. Bd3 cxd4 10. Nxd4 Bc5 11. Nf3 O-O 12. O-O b6 13. Qe2 Bb7 14. Rad1
Qc7 15. Ne5 Rfd8 16. Bg3 Bd6 17. Rfe1 Qc5 18. c3 Be7 19. Kh1 Kf8 20. f4 Bd6 21.
f5 exf5 22. Nxf7 f4 23. Nxd6 Qxd6 24. Bc2 Bd5 25. Bh4 f3 26. Qf2 Ng4 27. Qxf3+
Bxf3 28. Rxd6 Rxd6 29. Be7+ Kg8 30. Bxd6 Bd5 31. h3 Nf6 32. b3 Rd8 33. Bf4 b5
34. Re7 a6 35. Kg1 Kf8 36. Re2 Kf7 37. Be5 Re8 38. Re1 Be4 39. Bxf6 Bxc2 40.
Rxe8 Kxe8 41. Bxg7 h5 42. Kf2 Kf7 43. Bd4 Bb1 44. a3 Bc2 45. b4 Be4 46. g4 hxg4
47. hxg4 Ke6 48. Ke3 Bc2 49. Bh8 Kd5 50. Kf4 Ke6 51. Kg5 Bd1 52. Bd4 Be2 53.
Bg1 Bd1 54. Bh2 Be2 55. Kf4 Bd1 56. Bg3 Bc2 57. Kg5 Bd1 58. Bc7 Be2 59. Bb8 Bd1
60. Kf4 Bc2 61. Ba7 Bd1 62. Bg1 Bc2 63. Bf2 Bd1 64. Be1 Bc2 65. Bh4 Bd1 66. Bd8
Bc2 67. Kg5 Bd1 68. Bb6 Be2 69. Be3 Bd1 70. Bg1 Be2 71. Bh2 Bd1 72. Kf4 Bc2 73.
Ke3 Kd5 74. Ke2 Bg6 75. Bb8 Bc2 76. Bc7 Bg6 77. Ke3 Bc2 78. Bg3 Bd1 79. Kf4 Ke6
80. Be1 Bc2 81. Bd2 Bd1 82. Bc1 Bc2 83. Kg5 Bd1 84. Be3 Be2 85. Bd4 Bd1 86. Bh8
Be2 87. Kf4 Bd1 88. Bd4 Be2 89. Bc5 Bd1 90. Bb6 Bc2 91. Bc7 Bd1 92. Bb8 Bc2 93.
Ke3 Kd5 94. Bh2 Bd1 95. Kf4 Ke6 96. Ke4 Bxg4 97. Kd4 Bd1 98. Kc5 Bc2 99. Bg3
Bd1 100. Kc6 Bb3 101. Bh2 Ba4 102. Bb8 Bb3 103. Bg3 Ba4 104. Kc5 Bb3 105. c4
Bxc4 106. a4 Kd7 107. a5 Kc8 108. Kb6 Be2 109. Kxa6 Bf1 110. Kb6 Be2 111. a6
Bf1 112. Kc6 Be2 113. Bh2 Bf1 114. Bf4 Be2 115. Be5 Bf1 116. Kb6 Be2 117. a7
Bf3 118. Kxb5 Kb7 119. Bd4 Bh1 120. Ka5 Bg2 121. b5 Bf3 122. b6 Bg2 123. Kb5
Bf3 124. Kc5 Bg2 125. Kd6 Bf3 126. a8=Q+ Kxa8 127. Kc7 Bb7 128. Bg1 Bf3 129.
b7+ Bxb7 130. Bf2 1/2-1/2

[Event "80th Ukrainian Chess Championship"]
[Site "Kiev/Ukraine"]
[Date "2011.06.11"]
[Round "2"]
[White "Moiseenko, A."]
[Black "Kryvoruchko, Y."]
[Result "1/2-1/2"]
[ECO "D41"]
[WhiteElo "2679"]
[BlackElo "2640"]
[Annotator "Robot 3"]
[PlyCount "77"]
[EventDate "2011.??.??"]
[TimeControl "40/5400+30:1800+30"]

1. d4 Nf6 2. c4 e6 3. Nf3 d5 4. Nc3 c5 5. cxd5 Nxd5 6. e4 Nxc3 7. bxc3 cxd4 8.
cxd4 Bb4+ 9. Bd2 Bxd2+ 10. Qxd2 O-O 11. Bc4 Nd7 12. O-O b6 13. Rad1 Bb7 14. d5
exd5 15. Bxd5 Nc5 16. Qf4 Qb8 17. Qf5 Qc8 18. Qf4 Qb8 19. Qg4 Qc8 20. Qh4 Qc7
21. Nd4 Rfe8 22. Nf5 Bxd5 23. Rxd5 f6 24. Nd6 Re6 25. Rfd1 Rd8 26. Nb5 Rxd5 27.
exd5 Qd7 28. Nc3 Re5 29. Qc4 Kf8 30. h3 Qe8 31. Kf1 Qd7 32. d6 Re6 33. Qd5 Re5
34. Qc4 Re6 35. Qd5 Re5 36. Qd4 Qc6 37. Qc4 Re6 38. Nb5 Qd7 39. Nxa7 1/2-1/2

[Event "80th Ukrainian Chess Championship"]
[Site "Kiev/Ukraine"]
[Date "2011.06.11"]
[Round "2"]
[White "Volokitin, A."]
[Black "Ponomariov, R."]
[Result "1/2-1/2"]
[ECO "B12"]
[WhiteElo "2677"]
[BlackElo "2754"]
[Annotator "Robot 3"]
[PlyCount "38"]
[EventDate "2011.??.??"]
[TimeControl "40/5400+30:1800+30"]

1. e4 c6 2. d4 d5 3. e5 Bf5 4. Nf3 e6 5. Be2 Ne7 6. O-O c5 7. Na3 Nec6 8. c4
cxd4 9. Nb5 a6 10. Nbxd4 Be4 11. Ng5 Nxd4 12. Qxd4 Nc6 13. Qe3 Bg6 14. cxd5
Qxd5 15. Bf3 Qc5 16. Rd1 h6 17. Qd2 Qe7 18. Qc3 Qc5 19. Qd2 Qe7 1/2-1/2

[Event "80th Ukrainian Chess Championship"]
[Site "Kiev/Ukraine"]
[Date "2011.06.11"]
[Round "2"]
[White "Miroshnichenko, E."]
[Black "Areshchenko, A."]
[Result "1/2-1/2"]
[ECO "A34"]
[WhiteElo "2651"]
[BlackElo "2694"]
[Annotator "Robot 3"]
[PlyCount "31"]
[EventDate "2011.??.??"]
[TimeControl "40/5400+30:1800+30"]

1. Nf3 Nf6 2. c4 g6 3. Nc3 d5 4. cxd5 Nxd5 5. g3 Bg7 6. Bg2 Nxc3 7. bxc3 O-O 8.
O-O c5 9. Rb1 Nc6 10. Qa4 Qc7 11. d4 cxd4 12. cxd4 Bf5 13. Bf4 Qa5 14. Qxa5
Nxa5 15. Rbc1 Rac8 16. Ne5 1/2-1/2

[Event "80th Ukrainian Chess Championship"]
[Site "Kiev/Ukraine"]
[Date "2011.06.12"]
[Round "3"]
[White "Ponomariov, R."]
[Black "Miroshnichenko, E."]
[Result "1-0"]
[ECO "D56"]
[WhiteElo "2754"]
[BlackElo "2651"]
[Annotator "Robot 3"]
[PlyCount "67"]
[EventDate "2011.??.??"]
[TimeControl "40/5400+30:1800+30"]

1. d4 d5 2. c4 e6 3. Nf3 Nf6 4. Nc3 Be7 5. Bg5 h6 6. Bh4 O-O 7. e3 Ne4 8. Bxe7
Qxe7 9. Rc1 c6 10. Be2 Nxc3 11. Rxc3 Nd7 12. O-O dxc4 13. Bxc4 b6 14. Bd3 c5
15. Qc2 Bb7 16. Bh7+ Kh8 17. Be4 Bxe4 18. Qxe4 f5 19. Qf4 Rae8 20. Rd1 e5 21.
dxe5 Nxe5 22. Nxe5 Qxe5 23. Qxe5 Rxe5 24. Rd7 f4 25. Rxa7 Rd5 26. h3 Rd1+ 27.
Kh2 Rd2 28. exf4 Rxf4 29. Rg3 g5 30. Re3 Rdxf2 31. Rb7 Rf6 32. Re8+ Rf8 33.
Ree7 R8f6 34. Rb8+ 1-0

[Event "80th Ukrainian Chess Championship"]
[Site "Kiev/Ukraine"]
[Date "2011.06.12"]
[Round "3"]
[White "Efimenko, Z."]
[Black "Kovchan, A."]
[Result "1/2-1/2"]
[ECO "B19"]
[WhiteElo "2701"]
[BlackElo "2558"]
[Annotator "Robot 3"]
[PlyCount "76"]
[EventDate "2011.??.??"]
[TimeControl "40/5400+30:1800+30"]

1. e4 c6 2. d4 d5 3. Nc3 dxe4 4. Nxe4 Bf5 5. Ng3 Bg6 6. h4 h6 7. Nf3 Nd7 8. h5
Bh7 9. Bd3 Bxd3 10. Qxd3 e6 11. Bd2 Ngf6 12. O-O-O Be7 13. Ne4 O-O 14. Nxf6+
Nxf6 15. g4 Nh7 16. Ne5 c5 17. dxc5 Qc7 18. f4 Rfd8 19. Qf3 Bxc5 20. Bc3 Rac8
21. Kb1 Be7 22. g5 hxg5 23. h6 Rxd1+ 24. Rxd1 Bf6 25. Rd7 Qc5 26. hxg7 Bxe5 27.
fxe5 Qg1+ 28. Rd1 g4 29. Qd3 Qg2 30. a3 Qf3 31. Qd7 Kxg7 32. Rg1 Rc4 33. Qd3
Qe4 34. Qd2 Qf5 35. Qh2 Rf4 36. Ka2 Ng5 37. Rg2 Ne4 38. Be1 Ng5 1/2-1/2

[Event "80th Ukrainian Chess Championship"]
[Site "Kiev/Ukraine"]
[Date "2011.06.12"]
[Round "3"]
[White "Vysochin, S."]
[Black "Moiseenko, A."]
[Result "1/2-1/2"]
[ECO "B18"]
[WhiteElo "2529"]
[BlackElo "2679"]
[Annotator "Robot 3"]
[PlyCount "72"]
[EventDate "2011.??.??"]
[TimeControl "40/5400+30:1800+30"]

1. e4 c6 2. d4 d5 3. Nc3 dxe4 4. Nxe4 Bf5 5. Ng3 Bg6 6. Nf3 Nd7 7. Bd3 e6 8.
O-O Ngf6 9. b3 Be7 10. c4 Qc7 11. Bb2 O-O 12. Bxg6 hxg6 13. Qc2 c5 14. Rad1
cxd4 15. Nxd4 a6 16. Qe2 Rad8 17. Nf3 Bc5 18. Ne4 Nxe4 19. Qxe4 Nf6 20. Qe2 Qf4
21. Be5 Qe4 22. Qb2 Qf5 23. b4 Be7 24. a3 g5 25. h3 g4 26. hxg4 Qxg4 27. Qe2
Ne4 28. Rfe1 f5 29. c5 Bh4 30. g3 Ng5 31. Kg2 Qh3+ 32. Kg1 Qg4 33. Kg2 Qh3+ 34.
Kg1 Qg4 35. Kg2 Qh3+ 36. Kg1 Qg4 1/2-1/2

[Event "80th Ukrainian Chess Championship"]
[Site "Kiev/Ukraine"]
[Date "2011.06.12"]
[Round "3"]
[White "Eljanov, P."]
[Black "Volokitin, A."]
[Result "1-0"]
[ECO "D03"]
[WhiteElo "2712"]
[BlackElo "2677"]
[Annotator "Robot 3"]
[PlyCount "72"]
[EventDate "2011.??.??"]
[TimeControl "40/5400+30:1800+30"]

1. d4 Nf6 2. Nf3 g6 3. Bg5 Bg7 4. Nbd2 c5 5. e3 d5 6. c3 Qb6 7. Qb3 Nc6 8. Be2
c4 9. Qa3 h6 10. Bh4 g5 11. Bg3 Nh5 12. O-O Nxg3 13. hxg3 Bf5 14. b3 cxb3 15.
axb3 O-O 16. b4 a6 17. Nb3 Rfc8 18. Nc5 a5 19. b5 Nb8 20. Nd2 Qc7 21. Rac1 Nd7
22. c4 dxc4 23. g4 Nxc5 24. gxf5 Qd8 25. Bxc4 Nd7 26. Qa2 Qe8 27. Bd5 Rxc1 28.
Rxc1 Ra7 29. Nc4 b6 30. Bc6 Qb8 31. Bd5 Qe8 32. Nb2 Nf6 33. Na4 Nxd5 34. Qxd5
Qd7 35. Nxb6 Qxd5 36. Nxd5 Rd7 1-0

[Event "80th Ukrainian Chess Championship"]
[Site "Kiev/Ukraine"]
[Date "2011.06.12"]
[Round "3"]
[White "Areshchenko, A."]
[Black "Vovk, Y."]
[Result "1-0"]
[ECO "A08"]
[WhiteElo "2694"]
[BlackElo "2550"]
[Annotator "Robot 3"]
[PlyCount "87"]
[EventDate "2011.??.??"]
[TimeControl "40/5400+30:1800+30"]

1. e4 e6 2. d3 d5 3. Nd2 c5 4. g3 Nf6 5. Bg2 Nc6 6. Ngf3 g6 7. O-O Bg7 8. c3
O-O 9. Re1 Re8 10. e5 Nd7 11. d4 f6 12. exf6 Nxf6 13. h3 b6 14. Ne5 Bb7 15.
Ndf3 Nxe5 16. Nxe5 Nd7 17. Bf4 cxd4 18. cxd4 Rc8 19. Nxd7 Qxd7 20. Be5 Bh6 21.
h4 Qf7 22. Bh3 Bc6 23. Qd3 Bd7 24. Re2 Rc6 25. Rae1 a5 26. Kg2 Rc4 27. Bg4 Rc6
28. Rh1 Rec8 29. h5 Bg7 30. Bxg7 Kxg7 31. Re5 Rc2 32. Qe3 Rf8 33. Bf3 Rxb2 34.
hxg6 Qxf3+ 35. Qxf3 Rxf3 36. Kxf3 hxg6 37. Re2 Rb4 38. Rc2 Ba4 39. Rc7+ Kf6 40.
Ke3 Rb2 41. Rhh7 g5 42. Rh6+ Kf5 43. f3 g4 44. f4 1-0

[Event "80th Ukrainian Chess Championship"]
[Site "Kiev/Ukraine"]
[Date "2011.06.12"]
[Round "3"]
[White "Kryvoruchko, Y."]
[Black "Korobov, A."]
[Result "1-0"]
[ECO "B90"]
[WhiteElo "2640"]
[BlackElo "2660"]
[Annotator "Robot 3"]
[PlyCount "81"]
[EventDate "2011.??.??"]
[TimeControl "40/5400+30:1800+30"]

1. e4 c5 2. Nf3 d6 3. d4 cxd4 4. Nxd4 Nf6 5. Nc3 a6 6. Be3 e5 7. Nb3 Be6 8. h3
Be7 9. Qf3 O-O 10. O-O-O Nc6 11. g4 Rc8 12. Kb1 Na5 13. g5 Nd7 14. Nd5 Nc4 15.
h4 Ndb6 16. Nxb6 Nxb6 17. Bh3 Bxh3 18. Qxh3 Nc4 19. Rhg1 Qc7 20. Bc1 a5 21. Qd3
Qb6 22. Be3 Qb4 23. a3 Qb5 24. Qd5 Qc6 25. Qd3 Rfd8 26. Rge1 b5 27. Bc1 b4 28.
Nd2 Nb6 29. axb4 axb4 30. b3 d5 31. Bb2 Bc5 32. Nf3 Bxf2 33. Nxe5 Qc7 34. Rf1
d4 35. Nxf7 Qxf7 36. Rd2 Rc3 37. Bxc3 bxc3 38. Rdxf2 Qe7 39. Kc1 Nd7 40. Qc4+
Kh8 41. Qxd4 1-0

[Event "80th Ukrainian Chess Championship"]
[Site "Kiev/Ukraine"]
[Date "2011.06.13"]
[Round "4"]
[White "Areshchenko, A."]
[Black "Ponomariov, R."]
[Result "1/2-1/2"]
[ECO "C65"]
[WhiteElo "2694"]
[BlackElo "2754"]
[Annotator "Robot 3"]
[PlyCount "35"]
[EventDate "2011.??.??"]
[TimeControl "40/5400+30:1800+30"]

1. e4 e5 2. Nf3 Nc6 3. Bb5 Nf6 4. d3 Bc5 5. c3 O-O 6. O-O d6 7. Nbd2 a6 8. Bxc6
bxc6 9. d4 exd4 10. cxd4 Bb6 11. Qc2 Re8 12. Re1 Bd7 13. b3 c5 14. Bb2 cxd4 15.
Bxd4 Bxd4 16. Nxd4 a5 17. Rad1 Qb8 18. N4f3 1/2-1/2

[Event "80th Ukrainian Chess Championship"]
[Site "Kiev/Ukraine"]
[Date "2011.06.13"]
[Round "4"]
[White "Moiseenko, A."]
[Black "Efimenko, Z."]
[Result "1/2-1/2"]
[ECO "D38"]
[WhiteElo "2679"]
[BlackElo "2701"]
[Annotator "Robot 3"]
[PlyCount "29"]
[EventDate "2011.??.??"]
[TimeControl "40/5400+30:1800+30"]

1. d4 Nf6 2. c4 e6 3. Nf3 d5 4. Nc3 Bb4 5. Bg5 Nbd7 6. cxd5 exd5 7. Rc1 c6 8.
a3 Bd6 9. Qc2 O-O 10. e3 Re8 11. Bd3 Nf8 12. O-O Bg4 13. Bh4 Bh5 14. Bg3 Bg6
15. Ne5 1/2-1/2

[Event "80th Ukrainian Chess Championship"]
[Site "Kiev/Ukraine"]
[Date "2011.06.13"]
[Round "4"]
[White "Korobov, A."]
[Black "Vysochin, S."]
[Result "1/2-1/2"]
[ECO "D35"]
[WhiteElo "2660"]
[BlackElo "2529"]
[Annotator "Robot 3"]
[PlyCount "92"]
[EventDate "2011.??.??"]
[TimeControl "40/5400+30:1800+30"]

1. d4 d5 2. c4 e6 3. Nc3 Be7 4. cxd5 exd5 5. Bf4 Nf6 6. e3 Bf5 7. Nge2 O-O 8.
Ng3 Be6 9. Bd3 c5 10. dxc5 Bxc5 11. O-O Nc6 12. Rc1 d4 13. Nce4 Be7 14. Nxf6+
Bxf6 15. e4 Re8 16. a3 Rc8 17. Nh5 Be7 18. Bg3 Qd7 19. Qd2 g6 20. Nf4 Bg5 21.
Qe2 Bb3 22. Rc5 Bh6 23. Rb5 Ba4 24. Rd5 Qe7 25. Re1 a6 26. b4 Qf6 27. e5 Nxe5
28. Nh5 Qg5 29. Rxe5 Qxh5 30. Qe4 Rxe5 31. Bxe5 Re8 32. Qxd4 Bg7 33. f4 Bc6 34.
Re2 Qg4 35. Qb2 Bxe5 36. fxe5 Rd8 37. h3 Qg3 38. Bc2 Qf4 39. Bb3 Qd4+ 40. Qxd4
Rxd4 41. e6 fxe6 42. Rxe6 Kg7 43. Re3 Rd2 44. g3 Kf6 45. h4 h6 46. Kf1 h5
1/2-1/2

[Event "80th Ukrainian Chess Championship"]
[Site "Kiev/Ukraine"]
[Date "2011.06.13"]
[Round "4"]
[White "Miroshnichenko, E."]
[Black "Eljanov, P."]
[Result "1/2-1/2"]
[ECO "A20"]
[WhiteElo "2651"]
[BlackElo "2712"]
[Annotator "Robot 3"]
[PlyCount "44"]
[EventDate "2011.??.??"]
[TimeControl "40/5400+30:1800+30"]

1. c4 e5 2. g3 Nf6 3. Bg2 d5 4. cxd5 Nxd5 5. Nf3 Nc6 6. O-O Be7 7. d4 e4 8. Ne5
f5 9. Nxc6 bxc6 10. Qc2 Qd6 11. Nc3 Be6 12. Nxd5 Bxd5 13. Bf4 Qd7 14. f3 exf3
15. Bxf3 O-O 16. Be5 Bd6 17. Bxd6 cxd6 18. e4 fxe4 19. Bxe4 Bxe4 20. Qxe4 d5
21. Qd3 Qg4 22. Kg2 h5 1/2-1/2

[Event "80th Ukrainian Chess Championship"]
[Site "Kiev/Ukraine"]
[Date "2011.06.13"]
[Round "4"]
[White "Volokitin, A."]
[Black "Kryvoruchko, Y."]
[Result "1-0"]
[ECO "C77"]
[WhiteElo "2677"]
[BlackElo "2640"]
[Annotator "Robot 3"]
[PlyCount "143"]
[EventDate "2011.??.??"]
[TimeControl "40/5400+30:1800+30"]

1. e4 e5 2. Nf3 Nc6 3. Bb5 a6 4. Ba4 Nf6 5. O-O Be7 6. d3 d6 7. c3 O-O 8. Nbd2
Re8 9. Re1 Bf8 10. d4 b5 11. Bc2 g6 12. Nf1 Bg7 13. d5 Ne7 14. a4 Bd7 15. Ng3
c5 16. h3 Qb8 17. Nh2 h6 18. Rf1 bxa4 19. Bxa4 Bxa4 20. Rxa4 Nd7 21. Qc2 Rf8
22. Ng4 Kh7 23. Ne3 Bf6 24. Nc4 Nb6 25. Nxb6 Qxb6 26. Be3 Bg5 27. Bxg5 hxg5 28.
Rfa1 Ra7 29. Nf1 f5 30. Nd2 Rfa8 31. Nf3 Kh6 32. h4 g4 33. Qd2+ Kg7 34. Ng5 Rh8
35. g3 Kf6 36. Ne6 Kf7 37. Qe2 a5 38. b4 cxb4 39. cxb4 Rha8 40. Qa2 fxe4 41.
Rxa5 Rxa5 42. bxa5 Qb4 43. a6 Ra7 44. Qa5 Qb2 45. Ng5+ Kg7 46. Nxe4 Nxd5 47.
Nxd6 Kh7 48. Rd1 Nc3 49. Re1 Ne2+ 50. Kf1 Qd4 51. Rxe2 Qxd6 52. Ra2 Rc7 53. Ra1
Rc2 54. Kg1 Qd4 55. Rf1 Rc3 56. Kh2 Rc1 57. Qb5 Rc2 58. Kg2 Ra2 59. h5 Qe4+ 60.
Kg1 Kh6 61. hxg6 Qxg6 62. Qxe5 Rxa6 63. Rd1 Rf6 64. Kg2 Qf5 65. Rh1+ Kg7 66.
Qd4 Kf7 67. Rh4 Rg6 68. Rh7+ Ke6 69. Qd7+ Ke5 70. Rh5 Rg5 71. Qe7+ Kd4 72. Qe3+
1-0

[Event "80th Ukrainian Chess Championship"]
[Site "Kiev/Ukraine"]
[Date "2011.06.13"]
[Round "4"]
[White "Vovk, Y."]
[Black "Kovchan, A."]
[Result "1/2-1/2"]
[ECO "D90"]
[WhiteElo "2550"]
[BlackElo "2558"]
[Annotator "Robot 3"]
[PlyCount "99"]
[EventDate "2011.??.??"]
[TimeControl "40/5400+30:1800+30"]

1. d4 Nf6 2. c4 g6 3. Nc3 d5 4. cxd5 Nxd5 5. Bd2 Bg7 6. Nf3 O-O 7. Rc1 Nxc3 8.
Bxc3 Qd5 9. b3 Bg4 10. e3 Bxf3 11. gxf3 c6 12. h4 e6 13. h5 Nd7 14. Bc4 Qg5 15.
hxg6 hxg6 16. Ke2 Nb6 17. Qf1 Nd5 18. Bxd5 exd5 19. Bb4 Rfe8 20. Qh3 f5 21.
Rcg1 Qf6 22. Qh7+ Kf7 23. Rh6 Rh8 24. Rgxg6 Rxh7 25. Rxf6+ Bxf6 26. Rxh7+ Bg7
27. Bd6 Kg6 28. Rh1 Re8 29. Kd3 Re6 30. Bb8 Re8 31. Bf4 Bf6 32. a4 a6 33. b4 b5
34. axb5 axb5 35. Ra1 Re6 36. Ra6 Be7 37. Kc3 Kf7 38. Ra7 Rg6 39. Bg3 Ke8 40.
Ra8+ Kd7 41. Rh8 Ke6 42. Rc8 Kd7 43. Rc7+ Kd8 44. Ra7 Rh6 45. Ra1 Kd7 46. Kb3
Rh3 47. Ra7+ Kd8 48. Ra1 Kd7 49. Rc1 Rh8 50. Ra1 1/2-1/2